 Dungeon Crawl Stone Soup version 5.2-55-g257c234 (webtiles) character file.

62 Faca the Chopper (level 5, 0/48 HPs)
             Began as a Minotaur Berserker on Dec 12, 2017.
             Was a Believer of Trog.
             Slain by a gnoll (6 damage)
             ... on level 2 of the Dungeon.
             The game lasted 00:04:43 (1866 turns).

Faca the Chopper (Minotaur Berserker)               Turns: 1866, Time: 00:04:43

Health: 0/48       AC:  2 (0%)Str: 21   XL:     5   Next: 17%
Magic:  4/4        EV: 12    Int:  4    God:    Trog [2*[63]]
Gold:   149        SH:  0    Dex: 11    Spells: 4/4 levels left

rFire    . . .     SeeInvis .   a - +0 hand axe
rCold    . . .     Faith    .   (no shield)
rNeg     . . .     Spirit   .   b - +0 animal skin
rPois    .         Reflect  .   (helmet restricted)
rElec    .                      (no cloak)
rCorr    .                      (no gloves)
MR       +....                  (no boots)
Stlth    +.........             (no amulet)
Regen    0.2/turn               i - ring of protection from magic
MPRegen  0.2/turn               (no ring)

@: no status effects
A: retaliatory headbutt, horns 2
a: Berserk, Trog's Hand, Renounce Religion


You were on level 2 of the Dungeon.
You worshipped Trog.
Trog was pleased with you.
You were not hungry.

You visited 1 branch of the dungeon, and saw 2 of its levels.

You collected 149 gold pieces.

Inventory:

Hand Weapons
 a - a +0 hand axe (weapon)
Missiles
 c - 258 bolts
 g - 235 stones (quivered)
Armour
 b - a +0 animal skin (worn)
Jewellery
 i - a ring of protection from magic (left hand)
 k - an uncursed ring of resist corrosion
Scrolls
 d - a scroll of fear
 f - a scroll of blinking
 h - a scroll of fog
Potions
 e - a potion of lignification
 j - a potion of curing


   Skills:
 + Level 5.2 Fighting
 + Level 5.6 Axes
 + Level 2.9 Armour
 - Level 2.2 Dodging
 + Level 0.3 Stealth


You had 4 spell levels left.
You didn't know any spells.

Dungeon Overview and Level Annotations

Branches:
Dungeon (2/15)

Altars:
Okawaru
The Shining One


Innate Abilities, Weirdness & Mutations

You reflexively headbutt those who attack you in melee.
You have a pair of horns on your head.


Message History

You closely miss the gnoll. You hit the gnoll but do no damage.
You hit the gnoll (2). The gnoll hits you (1).
* * * LOW HITPOINT WARNING * * *
The gnoll hits you but does no damage. The gnoll barely misses you.
You slash the gnoll (8)! You headbutt the gnoll (5).
You kill the gnoll!
Trog accepts your kill.
You barely miss the gnoll. x2; The gnoll misses you.
The gnoll hits you (4).
* * * LOW HITPOINT WARNING * * *
Unknown command.
You hit the gnoll (1).
The gnoll is heavily wounded.
You hit the gnoll but do no damage. The gnoll closely misses you.
The gnoll barely misses you.
You hit the gnoll (3).
The gnoll is severely wounded.
You hit the gnoll (2). The gnoll hits you (4).
* * * LOW HITPOINT WARNING * * *
The gnoll hits you (6).
You die...

##.#.#.#..≈≈≈≈._.≈≈≈.≈...#.#.#...
##.#.#.# ..≈≈≈.≈≈≈≈≈.≈...#.#.#...
##.#.# .≈≈≈≈≈≈≈≈≈≈≈≈.....#.#...
##.#.# .≈≈≈≈≈≈≈≈≈≈..#....#.#...
##.#.# ≈≈≈≈≈≈≈≈≈≈≈..#....#.#.##
##.# ......≈..≈...#....#.#.##
##.# .≈.≈≈....)...#..#.....#.
##.# ....$.#g................
##.# #.....)@..####..#.#.#.##
##.# +.....?g..# #..#.#..... ##.#
#.........# #..#..##.## ##.#
#.....##### #..#..##.# ...#
##############..#...#.# ####
#..............#+#.#.# #
#.##########.........##
###########.# #......#....
......).....# #......#.>..


You could see 2 gnolls.

Vanquished Creatures
  6 gnolls (D:2)
  6 adders (D:2)
  3 dart slugs (D:1)
  A quokka (D:1)
  2 giant cockroaches (D:1)
  3 goblins
  6 hobgoblins
  4 jackals (D:1)
  3 kobolds
  A ball python (D:2)
  3 bats (D:1)
  3 frilled lizards
  7 rats
48 creatures vanquished.

Notes
Turn   | Place    | Note
-------+----------+-------------------------------------------
     0 | D:1      | Faca the Minotaur Berserker began the quest for the Orb.
     0 | D:1      | Reached XP level 1. HP: 19/19 MP: 0/0
   221 | D:1      | Reached XP level 2. HP: 26/27 MP: 1/1
   532 | D:1      | Reached XP level 3. HP: 25/34 MP: 2/2
   915 | D:2      | Reached ** piety under Trog
   983 | D:2      | Found an iron altar of Okawaru.
  1024 | D:2      | Reached XP level 4. HP: 20/41 MP: 3/3
  1026 | D:2      | Reached skill level 5 in Axes
  1030 | D:2      | Reached skill level 5 in Fighting
  1277 | D:2      | Found a glowing golden altar of the Shining One.
  1570 | D:2      | Reached XP level 5. HP: 23/48 MP: 4/4
  1837 | D:2      | Found a faded altar of an unknown god.
  1866 | D:2      | Slain by a gnoll

Skill      XL: |  1  2  3  4 |
---------------+-------------+-----
Fighting       | 4 5 |  5.2
Axes           | 4 5 |  5.6
Armour         | |  2.9
Dodging        | |  2.2
Stealth        | |  0.3

Action                   |  1- 3 |  4- 6 || total
-------------------------+-------+-------++-------
Melee: Hand axe          |    62 |    41 ||   103
       Headbutt          |     9 |     8 ||    17
  Use: Potion            |     1 |       ||     1
Armor: Animal skin       |    11 |     2 ||    13
Dodge: Dodged            |    44 |    29 ||    73
